[Event "SVK ECo-C Extraliga 2021-22"]
[Site "Slovakia"]
[Date "2022.06.11"]
[Round "10"]
[White "Simacek, Pavel"]
[Black "Balogh, Csaba"]
[Result "1/2-1/2"]
[ECO "B22"]
[WhiteElo "2463"]
[BlackElo "2586"]
[Annotator "TA"]
[PlyCount "38"]
[EventDate "2021.10.21"]
[EventType "team-tourn"]
[EventCountry "SVK"]
[SourceTitle "playchess.com"]
[Source "ChessBase"]
[SourceQuality "1"]
[TimeControl "40/5400+30:1800+30"]

1. e4 c5 2. Nf3 e6 3. c3 d5 4. exd5 Qxd5 5. Na3 Nc6 6. d4 Nf6 7. Nb5 Qd8 8. dxc5 Bxc5 9. Qxd8+ Kxd8 10. b4 {[%emt 0:00:30][%cal Bb2b4,Bb4b5][%mdl 32] B22: Sicilian: 2 c3.} Bb6 11. Nd6 (11. a4 {keeps more tension.} Ne4 12. Nd2 Bxf2+ 13. Ke2) 11... Ke7 12. Nc4 {[%emt 0:00:30] [#] Strongly threatening b5.} Ne4 13. b5 {[%emt 0:00:30] [#] Black must now prevent Ba3+.} Nb8 $146 (13... Bxf2+ 14. Ke2 $16) ({Predecessor:} 13... Na5 14. Ba3+ Ke8 15. Nxb6 axb6 16. Bb4 Nb3 17. Rb1 Nbc5 18. a3 f6 19. Be2 e5 {0-1 (36) Srinath,R (2363)-Galyas,M (2508) Zalakaros 2018}) 14. Ng5 Nxg5 ({Resist} 14... Bxf2+ 15. Ke2 Nxg5 16. Ba3+ (16. Bxg5+ f6 $11) 16... Kd8 17. Kxf2 $16 (17. Rd1+ Nd7 $11)) 15. Bxg5+ f6 16. Nxb6 axb6 17. Be3 {[%emt 0:00:30] The position is equal.} Nd7 18. a4 Ra5 19. c4 Nc5 {[%emt 0:00:30] A rather calm draw.  Weighted Error Value: White=0.02 (flawless) /Black=0.04 (flawless)} 1/2-1/2

[Event "SVK ECo-C Extraliga 2021-22"]
[Site "Slovakia"]
[Date "2022.06.11"]
[Round "10"]
[White "Toth, Ervin"]
[Black "Polak, Tomas"]
[Result "1-0"]
[ECO "D36"]
[WhiteElo "2433"]
[BlackElo "2506"]
[Annotator "TA"]
[PlyCount "117"]
[EventDate "2021.10.21"]
[EventType "team-tourn"]
[EventCountry "SVK"]
[SourceTitle "playchess.com"]
[Source "ChessBase"]
[SourceQuality "1"]
[TimeControl "40/5400+30:1800+30"]

1. d4 Nf6 2. c4 e6 3. Nc3 d5 4. cxd5 exd5 5. Bg5 c6 6. Qc2 Be7 7. e3 O-O 8. Bd3 Nbd7 9. Nf3 Re8 10. O-O Nf8 11. Ne5 Ng4 12. Bxe7 Qxe7 13. Nxg4 Bxg4 14. Rae1 Rad8 15. f4 {[%emt 0:02:13] D36: Queen's Gambit Declined: Exchange Variation: Main line (5 Bg5 c6 6 Qc2).} f6 16. h3 Bh5 17. g4 {[%emt 0:15:56] The position is equal.} Bg6 18. f5 Bf7 {[%emt 0:00:07] [#]} 19. Qg2 $146 ({Predecessor:} 19. Rf3 c5 20. dxc5 Qxc5 21. Ne2 Qa5 22. Qb1 Nd7 23. Nd4 Ne5 24. Rf2 Nxd3 25. Qxd3 Qxe1+ 26. Kg2 Qxe3 27. Qxe3 Rxe3 28. Rc2 Rd3 29. Nb5 a6 {0-1 (29) Mira,H (2096)-Essing,A (2253) Playchess.com INT 2004}) 19... a6 20. Rf3 Kh8 21. Ref1 c5 22. h4 Qd6 (22... Nd7 $11 {is superior.}) 23. Qf2 $14 Re7 24. Ne2 Rde8 {[%emt 0:02:44] [#]} (24... c4 $14 25. Bc2 Qb4) 25. Nf4 $1 $16 cxd4 26. exd4 Qb4 27. a3 Qa5 28. g5 Re1 29. g6 $36 {[%emt 0:01:00][%mdl 2048] White is on the roll.} Rxf1+ 30. Kxf1 (30. Qxf1 $2 Re1 31. gxf7 Rxf1+ 32. Rxf1 Qc7 $17) 30... hxg6 {[%emt 0:02:08] This costs Black the game.} (30... Bg8 $16) 31. fxg6 $18 Be6 32. h5 {[%emt 0:05:33][%cal Bh4h5,Bh5h6][%mdl 32] aiming for Qh4.} ({Weaker is} 32. Re3 Qa4 $16) 32... Bg4 {[%emt 0:10:15] [#]} 33. Rg3 Qa4 34. h6 Qd7 (34... Qd1+ $2 35. Kg2 f5 36. Re3) (34... Kg8 $142 35. Bc2 (35. Nxd5 f5 $18) (35. h7+ Kh8 $11) 35... Qc4+ 36. Kg1 Ne6) 35. Qh2 Re4 36. Bxe4 dxe4 37. Qh4 f5 38. Nh5 Bxh5 39. Qxh5 {[%emt 0:00:07][%mdl 4096] Endgame KQR-KQN} Qb5+ 40. Kg1 $2 (40. Ke1 {White wants to mate with Rh3.} f4 41. Qxb5 axb5 42. Rg4) 40... Qd5 $2 (40... Qxb2 41. Qxf5 (41. hxg7+ Kxg7 42. Qxf5 Qxd4+ 43. Kg2 Qd2+ 44. Qf2 Qd7 $18) 41... Qxd4+ 42. Kg2 Qd2+ 43. Qf2 e3 44. Rxe3 Qd5+ 45. Qf3 Qg5+ 46. Kf2 Qh4+ 47. Ke2 Qc4+ 48. Kd1 Nxg6 49. hxg7+ Kxg7 50. Qxb7+ Kh6) 41. Kh2 Kg8 42. h7+ Kh8 43. Qg5 Qb5 (43... Qxd4 $142 44. Qxf5 Qd2+ 45. Kh3 Qh6+ 46. Kg4 Qxg6+ 47. Qxg6 Nxg6) 44. Rg2 Qd7 {[%emt 0:09:08] Against Qd8} 45. Qf4 {[%emt 0:00:00] Inhibits Qc7.} Qd8 46. Kh3 Qf6 47. Qe5 {[%emt 0:00:00] Threatening mate with Qxf6.} Nxg6 48. Qxf6 Nf4+ 49. Kg3 {[%emt 0:01:52] Intending Qf8+ and mate.} Nh5+ 50. Kh4 Nxf6 {[%emt 0:00:06] KR-KN} 51. Kg5 {[%emt 0:00:24] Strongly threatening Kg6.} Nd5 52. Kxf5 Ne3+ 53. Kxe4 Nxg2 {[%emt 0:00:03] KN-KP} 54. d5 {[%emt 0:00:06][%cal Bd4d5,Bd5d6][%mdl 32] White mates.} g5 55. d6 Nf4 56. Kf5 Nd5 57. Kxg5 Nb6 58. Kf6 Kxh7 59. Ke6 {[%emt 0:00:24] Weighted Error Value: White=0.20 (precise) /Black=0.46} 1-0

[Event "SVK ECo-C Extraliga 2021-22"]
[Site "Slovakia"]
[Date "2022.06.11"]
[Round "10"]
[White "Pulpan, Jakub"]
[Black "Balogh, Csaba"]
[Result "1/2-1/2"]
[ECO "B22"]
[WhiteElo "2418"]
[BlackElo "2586"]
[Annotator "TA"]
[PlyCount "106"]
[EventDate "2021.10.21"]
[EventType "team-tourn"]
[EventCountry "SVK"]
[SourceTitle "playchess.com"]
[Source "ChessBase"]
[SourceQuality "1"]
[TimeControl "40/5400+30:1800+30"]

1. e4 c5 2. Nf3 e6 3. c3 d5 4. exd5 Qxd5 5. d4 Nf6 6. Be3 cxd4 7. cxd4 Bb4+ 8. Nbd2 {[%emt 0:03:23][%cal Of1c4] B22: Sicilian: 2 c3.} O-O 9. Be2 {[%emt 0:01:22] [#]} b6 $146 ({Predecessor:} 9... Nbd7 10. O-O b6 11. Qa4 Qa5 12. Qb3 Bxd2 13. Bxd2 Qd5 14. Bc4 Qh5 15. Bf4 Bb7 {1-0 (50) Sezdbekov,R (2043)-Asanakunov,Z (2022) Bishkek 2016}) 10. O-O {[%emt 0:18:15] Black is slightly better.} Ba6 11. Bg5 Bxd2 12. Bxf6 ({Don't blunder} 12. Qxd2 $2 Ne4 13. Qe3 Bxe2 14. Qxe2 Nxg5 $19) 12... Bxe2 13. Qxe2 Bb4 14. a3 Bd6 15. Be5 Nc6 16. Rac1 Rfd8 17. Qc4 (17. Rc3 $11) 17... Bxe5 $17 18. dxe5 Nxe5 19. Qxd5 Rxd5 20. Nxe5 Rxe5 {[%emt 0:00:04][%mdl 4096] Endgame KRR-KRR} 21. Rfd1 g5 22. g3 a5 23. Rd7 Rb5 24. Rcc7 Rf8 25. b4 axb4 26. axb4 Rxb4 27. Rb7 g4 28. Kg2 Kg7 29. h3 h5 30. Rd6 Kg6 31. Rdxb6 Rxb6 32. Rxb6 {[%emt 0:00:03] KR-KR} Rd8 33. Rb4 f5 34. hxg4 (34. h4 $15) 34... hxg4 35. Rb6 Kf6 36. Ra6 Ke5 37. Ra1 Rd2 38. Ra6 Kd5 39. Ra5+ Ke4 40. Ra4+ Rd4 41. Ra6 e5 42. Ra3 Rc4 43. Re3+ Kd4 44. Ra3 f4 ({Black should try} 44... Rc1 $17 45. Ra2 Kd5) 45. gxf4 $11 {[%emt 0:00:25] The position is equal.} exf4 46. Ra8 Rc2 47. Rf8 Ke5 48. Re8+ Kd5 49. Rf8 Ke5 50. Re8+ Kd5 {[%emt 0:01:52] [#] ( -> ...g3)} 51. Rf8 g3 (51... Ke4 $5) 52. Rxf4 Rxf2+ 53. Rxf2 gxf2 {[%emt 0:00:05] Weighted Error Value: White=0.06 (flawless) /Black=0.05 (flawless)} 1/2-1/2

[Event "SVK ECo-C Extraliga 2021-22"]
[Site "Slovakia"]
[Date "2022.06.11"]
[Round "10"]
[White "Smolen, Jan"]
[Black "Halak, Miklos"]
[Result "1/2-1/2"]
[ECO "C47"]
[WhiteElo "2410"]
[BlackElo "2247"]
[Annotator "TA"]
[PlyCount "86"]
[EventDate "2021.10.21"]
[EventType "team-tourn"]
[EventCountry "SVK"]
[SourceTitle "playchess.com"]
[Source "ChessBase"]
[SourceQuality "1"]
[TimeControl "40/5400+30:1800+30"]

1. e4 e5 2. Nf3 Nc6 3. Nc3 Nf6 4. d4 exd4 5. Nxd4 Bb4 6. Nxc6 bxc6 7. Bd3 d5 8. exd5 cxd5 {[%emt 0:01:40] 8...0-0 is the hot move.} 9. O-O O-O 10. h3 {[%emt 0:00:30] C47: Scotch Four Knights and Four Knights with 4 g3.} h6 11. Qf3 c6 12. Bf4 {[%emt 0:00:00] The position is equal.} Bd6 13. Ne2 Bxf4 14. Nxf4 {[%emt 0:00:00] [#]} Nd7 $146 ({Predecessor:} 14... a5 15. Rfe1 a4 16. Rad1 Rb8 17. b3 axb3 18. axb3 Re8 19. Nh5 Nxh5 20. Qxh5 Rxe1+ 21. Rxe1 {½-½ (85) Goryachkina,A (2518)-Assaubayeva,B (2372) St Petersburg 2018}) 15. Rfe1 Qf6 16. b3 g5 17. Nh5 Qxf3 18. gxf3 Nc5 19. Kg2 a5 20. Re7 Be6 {[%emt 0:04:50] [#] Hoping for ...Rfc8.} 21. f4 Nxd3 22. cxd3 c5 (22... Kh7 $11) 23. Rc1 (23. Re1 $14 Rfc8 24. fxg5 hxg5 25. Re5) 23... Rfc8 24. fxg5 hxg5 25. f4 (25. Re1 $5 ) 25... Kf8 26. Rb7 Bf5 (26... c4 $15 27. dxc4 (27. fxg5 cxd3 28. Rd1 Rc2+ 29. Kg3 d2 $15) 27... dxc4) 27. fxg5 $11 Bxd3 28. Nf6 c4 29. Kg3 (29. Kf3 {seems wilder.} a4 30. h4 axb3 31. axb3 Kg7 32. h5) 29... cxb3 (29... Kg7 {feels hotter.} 30. h4 a4 31. bxc4 dxc4 32. Nh5+ Kg8) 30. Rxc8+ Rxc8 31. axb3 {[%emt 0:00:01][%mdl 4096] Endgame KRB-KRN} d4 32. Kf4 {[%emt 0:03:34] White wants to play h4.} Bc2 33. h4 Rd8 34. h5 Kg7 {[%emt 0:01:51] [#] And now ...d3 would win.} 35. Ng4 {[%emt 0:17:11] aiming for g6.} d3 $1 {[%emt 0:14:27] ...Rd4+ is the strong threat.} 36. g6 Rd4+ (36... Bxb3 $5 37. Rxb3 Rd4+ 38. Ke3 Rxg4 $11) 37. Kg5 {[%emt 0:02:45] White is slightly better.} Rxg4+ $1 38. Kxg4 $14 {[%emt 0:00:14] Kg5 would kill now. KR-KB} d2 39. Kg5 $1 {[%emt 0:02:26] White wants to mate with h6+.} Bxg6 $1 40. Rd7 Bc2 41. Rxd2 Bxb3 42. Rd6 a4 43. Ra6 Kh7 {[%emt 0:01:24] Weighted Error Value: White=0.09 (flawless) /Black=0.11 (very precise)} 1/2-1/2

[Event "SVK ECo-C Extraliga 2021-22"]
[Site "Slovakia"]
[Date "2022.06.11"]
[Round "10"]
[White "Jurcik Martin"]
[Black "Motuz Karol"]
[Result "1-0"]
[ECO "C47"]
[WhiteElo "2391"]
[BlackElo "2297"]
[Annotator "TA"]
[PlyCount "74"]
[EventDate "2021.10.21"]
[EventType "team-tourn"]
[EventCountry "SVK"]
[SourceTitle "playchess.com"]
[Source "ChessBase"]
[SourceQuality "1"]
[TimeControl "40/5400+30:1800+30"]

1. e4 e5 2. Nf3 Nc6 3. Nc3 Nf6 4. d4 exd4 5. Nxd4 Bb4 6. Nxc6 bxc6 7. Bd3 d5 8. exd5 cxd5 9. O-O O-O 10. Bg5 c6 11. Qf3 Bd6 12. Rae1 h6 {[%emt 0:02:05] C47: Scotch Four Knights and Four Knights with 4 g3.} 13. Bxf6 Qxf6 14. Qxf6 gxf6 {[%emt 0:00:01] The position is equal.} 15. Ne2 {[%emt 0:03:12] 15.Nd1 is the fancy move.} c5 {[%emt 0:17:51] [#] aiming for ...c4.} 16. Ng3 Rb8 17. b3 {[%emt 0:01:47] Inhibits c4.} Be6 18. Nf5 Bxf5 19. Bxf5 Rfe8 20. Rd1 Rbd8 {[%emt 0:05:37] [#]} 21. Rd3 $146 ({Predecessor:} 21. g3 Bc7 22. Bg4 {½-½ (21) Wang,C (2485)-Hansen,S (2561) Pattaya 2013}) 21... d4 22. Rh3 {[%emt 0:00:54] White stays focused until the end.} Kg7 23. Bd3 Re7 24. f4 Re3 25. Rh5 a5 26. a4 Be7 27. Kf2 Bd6 28. g3 Be7 (28... Re7 $16 29. Re1 Re6) 29. Re1 $18 Rxe1 30. Kxe1 {[%emt 0:00:04][%mdl 4096] Endgame KRB-KRB} Bf8 31. Ke2 Kg8 32. Be4 Kg7 33. Kd3 Be7 34. Rd5 Rb8 (34... Rxd5 $142 35. Bxd5 Kg6) 35. Rd7 Kf8 36. Ra7 f5 37. Bd5 h5 {[%emt 0:00:00] Weighted Error Value: White=0.00 (flawless) /Black=0.20 (precise)} 1-0

[Event "SVK ECo-C Extraliga 2021-22"]
[Site "Slovakia"]
[Date "2022.06.11"]
[Round "10"]
[White "Lipka, Juraj"]
[Black "Pcola, Jaroslav"]
[Result "1-0"]
[ECO "E02"]
[WhiteElo "2379"]
[BlackElo "2044"]
[Annotator "TA"]
[PlyCount "45"]
[EventDate "2021.10.21"]
[EventType "team-tourn"]
[EventCountry "SVK"]
[SourceTitle "playchess.com"]
[Source "ChessBase"]
[SourceQuality "1"]
[TimeControl "40/5400+30:1800+30"]

1. d4 Nf6 2. Nf3 e6 3. c4 d5 4. g3 dxc4 5. Bg2 c5 6. O-O Be7 7. dxc5 O-O 8. Qc2 Bxc5 9. Qxc4 Nbd7 10. Nbd2 {[%emt 0:00:30] E02: Open Catalan: 5 Qa4+.} Rb8 (10... Be7 $11) 11. Nb3 $1 $14 b5 (11... Be7 $14) 12. Qc2 $16 {[%emt 0:00:30] White is clearly better.} Bd6 13. Rd1 Qc7 {[%emt 0:00:30] [#]} 14. Qd3 $146 ({Predecessor:} 14. Qxc7 Bxc7 15. Be3 Nb6 16. Rac1 Nfd5 17. Bd4 f5 18. Ne5 Bd6 19. Nc6 Rb7 20. a3 {0-1 (29) Kutliev,R-Vorobev,K (2061) Soukhumi 2007}) 14... Be7 {[%emt 0:00:30] [#]} (14... Bc5 $16 {was worth a try.}) 15. Bf4 $1 $18 e5 16. Rac1 Qxc1 (16... Bc5 $142 17. Nxc5 Nxc5 18. Nxe5 (18. Bxe5 Qxe5 19. Nxe5 Nxd3 $18) 18... Nxd3 19. Rxc7 Nxf4) 17. Bxc1 {[%emt 0:00:30] White is clearly winning.} ({Less strong is} 17. Nxc1 exf4 18. gxf4 a6 $18) 17... e4 18. Qe3 exf3 19. Bxf3 ({Not} 19. Qxe7 fxg2 20. Qa3 a6 $18) 19... Re8 20. Qxa7 Rb6 21. Qc7 Re6 22. Nd4 Bd6 23. Qa5 {[%emt 0:00:30] Black did not feel at home in the position after the opening.  Weighted Error Value: White=0.03 (flawless) /Black=0.62} 1-0

[Event "SVK ECo-C Extraliga 2021-22"]
[Site "Slovakia"]
[Date "2022.06.11"]
[Round "10"]
[White "Lipka, Juraj"]
[Black "Gzib, David"]
[Result "1-0"]
[ECO "A46"]
[WhiteElo "2379"]
[BlackElo "2040"]
[Annotator "TA"]
[PlyCount "109"]
[EventDate "2021.10.21"]
[EventType "team-tourn"]
[EventCountry "SVK"]
[SourceTitle "playchess.com"]
[Source "ChessBase"]
[SourceQuality "1"]
[TimeControl "40/5400+30:1800+30"]

1. d4 Nf6 2. Nf3 b5 3. e4 Nxe4 4. Bxb5 c6 5. Bd3 d5 6. O-O {[%emt 0:03:56] [#] A46: 1 d4 Nf6 2 Nf3 e6: Torre, London and Colle Systems.} Bf5 $146 ({Predecessor:} 6... Bg4 7. h3 Bh5 8. Re1 Nd6 9. Bg5 Qb6 10. Nbd2 e6 11. Nb3 Nd7 12. Qe2 h6 {1-0 (25) Voit,D (2343)-Purtseladze,M (2274) Chess.com INT 2020}) 7. Re1 e6 8. Nbd2 {[%emt 0:06:52][%cal Rd2e4] White is slightly better.} Nd6 9. Nb3 Nd7 10. Bf4 {[%emt 0:03:40] Black must now prevent Bxd6.} Bxd3 11. cxd3 Be7 12. Rc1 Rc8 13. Re2 g5 {[%emt 0:04:44] [#]} (13... O-O $14) 14. Nxg5 $1 $16 Bxg5 15. Bxd6 Nf6 {[%emt 0:01:32] [#]} (15... Bxc1 {leads to mate.} 16. Rxe6+ $3 ) (15... Nf8 $16) 16. Be5 $1 Bxc1 17. Qxc1 Rg8 18. Rc2 Nd7 19. Rxc6 Nb6 {[%emt 0:02:42] [#]} (19... Rxc6 $16 20. Qxc6 Kf8) 20. Rc5 $1 $18 {[%emt 0:00:30] aiming for Bc7.} Rxc5 21. dxc5 Nd7 (21... Nc8 {was worth a try.} 22. g3 Rg6) 22. Bg3 Qg5 23. Qc3 f5 {[%emt 0:05:23] Threatens to win with ...f4.} 24. c6 Nb6 25. h4 (25. Qe1 $18 {is more deadly.}) 25... Qg7 26. Qe1 {[%emt 0:00:42] White is more active.} Kf7 {[%emt 0:00:49] Strongly threatening ...f4.} 27. Nc5 Qf6 (27... e5 $16) 28. Be5 $36 {[%emt 0:01:17][%mdl 2048] White is really pushing.} Qxh4 29. Nb7 {[%emt 0:00:41] Really sharp!} (29. Qa5 $142 Qe7 30. Nb3) 29... Nc8 (29... f4 $16 {might work better.}) 30. c7 Qg5 (30... f4 $142) 31. Nd8+ (31. g3 $18 {and the rest is easy.}) 31... Rxd8 $16 32. cxd8=Q Qxd8 {[%emt 0:00:06][%mdl 4096] Endgame KQB-KQN} 33. Qc1 Qg8 $2 {[%emt 0:01:07] This costs Black the game.} (33... Ne7 $16 {keeps fighting.}) 34. Qc7+ $18 Kg6 (34... Ne7 $142 35. Qxa7 Qc8) 35. a4 Qf8 36. a5 h5 37. g3 Qg8 38. b4 h4 39. gxh4 Kh5+ 40. Bg3 Kg4 41. Kg2 Kh5 42. b5 Kh6 43. Kh2 {[%emt 0:00:30] White mates.} Qf8 44. b6 axb6 45. axb6 Nxb6 46. Bf4+ Kh5 47. Qxb6 Qf6 48. Qe3 Qxh4+ 49. Qh3 Qxh3+ 50. Kxh3 {[%emt 0:00:30] KB-K3P} Kg6 51. Kh4 Kf6 52. d4 Kg6 53. f3 Kf6 54. Kh5 Kf7 55. Be5 {[%emt 0:00:30] Weighted Error Value: White=0.15 (very precise) /Black=0.41} 1-0

[Event "SVK ECo-C Extraliga 2021-22"]
[Site "Slovakia"]
[Date "2022.06.11"]
[Round "10"]
[White "Jablonicky, Martin"]
[Black "Dovzik, Juri"]
[Result "1-0"]
[ECO "A11"]
[WhiteElo "2377"]
[BlackElo "2277"]
[Annotator "TA"]
[PlyCount "111"]
[EventDate "2021.10.21"]
[EventType "team-tourn"]
[EventCountry "SVK"]
[SourceTitle "playchess.com"]
[Source "ChessBase"]
[SourceQuality "1"]
[TimeControl "40/5400+30:1800+30"]

1. Nf3 d5 2. c4 c6 3. g3 Nf6 4. Bg2 g6 5. b3 Bg7 6. Bb2 O-O 7. O-O e6 8. d3 Nbd7 9. Nbd2 {[%emt 0:00:08] A11: English Opening: 1...c6.} Re8 10. Rc1 a5 11. a3 {[%emt 0:01:13] [#] White has an edge.} Qe7 $146 ({Predecessor:} 11... Nh5 12. Qc2 Bxb2 13. Qxb2 Qf6 14. d4 Ng7 15. e4 Nf8 16. Rfe1 Qd8 17. Ne5 Nd7 18. Nxd7 Qxd7 {1-0 (24) Kasperek,R (2198)-Sygulski,P (1531) Krakow 2019}) 12. Rc2 Nh5 13. Qa1 Bxb2 14. Qxb2 f5 15. e4 dxe4 16. dxe4 Qg7 17. Qxg7+ Nxg7 18. c5 Re7 ({Better is} 18... e5) 19. Re1 Nf6 (19... e5 $142) 20. exf5 gxf5 21. Nc4 Bd7 22. Nfe5 Be8 23. Nb6 Rd8 24. Nec4 Nd5 (24... e5 $16 25. Nxa5 (25. Nxe5 Ng4 $16) 25... Ne6) 25. Rd2 $18 (25. Nxa5 $6 Nxb6 26. cxb6 e5) 25... Kf8 26. Nxa5 Nh5 27. Nbc4 Nhf6 28. Nd6 Rb8 29. Rde2 Bf7 30. Nac4 Bg8 31. b4 Rd7 32. h3 Rg7 33. Kh2 h5 34. Bxd5 cxd5 35. Ne3 {[%emt 0:04:46] Pair of Knights!} (35. Ne5 $18) 35... Ra8 (35... Ne4 $16) 36. Nc2 Ne4 {[%emt 0:02:13] [#]} 37. Nxe4 (37. Nb5 $1 $16) 37... fxe4 $14 38. f3 $1 Bh7 39. fxe4 Bxe4 40. Nd4 Ke7 41. Nb5 Kd7 42. Rf2 Bd3 43. Nd4 {[%emt 0:00:00] [#] Black must now prevent c6+.} Be4 44. Re3 {[%emt 0:00:00] White is more active.} e5 45. Nb5 {[%emt 0:00:00] Strongly threatening Rf6.} Ke6 {[%emt 0:00:00] Against Rf6+} 46. Rfe2 Kd7 (46... h4 $16) 47. Nd6 $18 b6 $2 (47... Kc6 48. Ra2 (48. Nxe4 dxe4 49. Ra2 Kd5 $16) 48... Re7) 48. Nxe4 dxe4 49. cxb6 {[%emt 0:00:00][%mdl 4096] Endgame KRR-KRR} Kc6 50. Rc3+ ({Weaker is} 50. Rxe4 Rxa3 51. Rxe5 Kxb6 $18) 50... Kxb6 51. Rxe4 Rg5 (51... Rd8 $142 52. Rxe5 Rd2+ 53. Kg1 Rf7) 52. Rce3 Rf5 53. Kg2 {[%emt 0:00:00] Inhibits Rf2+.} Raf8 {[%emt 0:00:45] ( -> ...Rf2+)} 54. Re2 {[%emt 0:00:00] Inhibits Rf2+.} (54. Rxe5 $2 {leads to mate.} Rf2+ 55. Kh1 Rf1+ 56. Kh2 R8f2#) 54... Rf3 55. Rxe5 h4 56. R5e3 {[%emt 0:00:00] Weighted Error Value: White=0.13 (very precise) /Black=0.24 (precise)} 1-0

[Event "SVK ECo-C Extraliga 2021-22"]
[Site "Slovakia"]
[Date "2022.06.11"]
[Round "10"]
[White "Mikes, Jan"]
[Black "Hros, Roman"]
[Result "0-1"]
[ECO "B20"]
[WhiteElo "2349"]
[BlackElo "2244"]
[Annotator "TA"]
[PlyCount "38"]
[EventDate "2021.10.21"]
[EventType "team-tourn"]
[EventCountry "SVK"]
[SourceTitle "playchess.com"]
[Source "ChessBase"]
[SourceQuality "1"]
[TimeControl "40/5400+30:1800+30"]

1. e4 c5 2. b4 cxb4 3. a3 bxa3 4. d4 e5 {[%emt 0:00:30] [#]} 5. dxe5 $146 ({Predecessor:} 5. c3 exd4 6. cxd4 Bb4+ 7. Nd2 Qe7 8. Qc2 Nc6 9. Ngf3 d5 10. Bb5 Kf8 11. O-O dxe4 12. Bxc6 bxc6 {½-½ (47) Gurkin,A (2158)-Al Sulaiti,G (2135) Pardubice 2008}) 5... Qa5+ 6. Nd2 {[%emt 0:00:30] B20: Sicilian: Unusual White 2nd moves.} (6. Bd2 $11 Qxe5 7. Nc3) 6... Nc6 $17 {[%emt 0:00:30][%cal Bb8c6,Bc6b4,Bb4a2,Ba2c1,Bc1e2][%mdl 32] Hoping for ...Qc3.} 7. Ngf3 $2 {[%emt 0:00:30] [#]} (7. Bb2 $17) 7... Qc3 $1 $19 8. Ra2 {[%emt 0:00:30] [#] Black has a decisive advantage.} b5 {[%emt 0:00:30] Against Bc4} ({Worse is} 8... Nb4 9. Bc4 $17) 9. Bxb5 {[%emt 0:00:30] aiming for 0-0.} Nb4 10. O-O $2 (10. Bxa3 Nxa2 11. Bxf8 Kxf8 12. O-O) 10... Nxa2 11. Nc4 Nxc1 12. Qd5 Ne2+ 13. Kh1 Rb8 {[%emt 0:00:30] And now ...a2 would win. Black is clearly winning.} 14. Ng5 Nh6 15. e6 fxe6 16. Nxe6 Rxb5 17. Nc7+ Kd8 18. Nxb5 {[%emt 0:00:30] [#]} Nf4 $1 19. Qg5+ (19. Nxc3 Nxd5) 19... Be7 {[%emt 0:00:30] White got outplayed after the opening.  Weighted Error Value: White=1.43/Black=0.22 (precise)} 0-1

[Event "SVK ECo-C Extraliga 2021-22"]
[Site "Slovakia"]
[Date "2022.06.11"]
[Round "10"]
[White "Krak, Tomas"]
[Black "Stohl, Igor"]
[Result "1/2-1/2"]
[ECO "B41"]
[WhiteElo "2332"]
[BlackElo "2452"]
[Annotator "TA"]
[PlyCount "24"]
[EventDate "2021.10.21"]
[EventType "team-tourn"]
[EventCountry "SVK"]
[SourceTitle "playchess.com"]
[Source "ChessBase"]
[SourceQuality "1"]
[TimeControl "40/5400+30:1800+30"]

1. e4 c5 2. Nf3 e6 3. d4 cxd4 4. Nxd4 a6 5. Qf3 {[%emt 0:00:30] [#]} g6 $146 ({Predecessor:} 5... b5 6. e5 Qc7 7. Bf4 Bb7 8. Qg3 Ne7 9. Bd3 Ng6 10. Bxg6 hxg6 11. O-O Nc6 12. Nxc6 Qxc6 {0-1 (37) Perez Gormaz,M (2407)-Valenzuela Fuentealba,L (2443) Santiago de Chile 2017}) 6. Nc3 {[%emt 0:00:30] B41: Sicilian: Kan Variation: 5 c4.} Bg7 ({Black should play} 6... d6 $14) 7. Be3 $16 Ne7 8. O-O-O {[%emt 0:00:30] White is much more active.} Nbc6 9. Qg3 d5 10. h4 e5 (10... Nxd4 $14 11. Bxd4 Bxd4 12. Rxd4 Nc6) 11. Nxc6 bxc6 12. Bc5 d4 {[%emt 0:00:30] Weighted Error Value: White=0.05 (flawless) /Black=0.26 (precise)} (12... h5 $16 {is a better defense.}) 1/2-1/2